3L
PANAMA CITY PIRANHAS @ CAPITAL DISTRICT RED KNIGHTS
09/29/2020
 
TOP OF THE 1ST
Panama City Piranhas batting - Pitching for Capital District Red Knights : RHP Francisco García
Pitching: RHP Francisco García
Batting: RHB Cliff Dixon 0-0: Called Strike
0-1: Ball
1-1: Ball
2-1: Ground out 1-3 (Groundball, 23)
Batting: LHB Francisco Sánchez 0-0: Ball
1-0: Ball
2-0: Swinging Strike
2-1: Foul Ball, location: 2F
2-2: Ground out 4-3 (Groundball, 4)
Batting: LHB Melvin Castro 0-0: Called Strike
0-1: Ball
1-1: Foul Ball, location: 2F
1-2: Strikes out swinging
Top of the 1st over - 0 run(s), 0 hit(s), 0 error(s), 0 left on base; Panama City 0 - Capital District 0
BOTTOM OF THE 1ST
Capital District Red Knights batting - Pitching for Panama City Piranhas : RHP Dave Tomlinson
Pitching: RHP Dave Tomlinson
Batting: LHB Arturo Hernández 0-0: Called Strike
0-1: Swinging Strike
0-2: Foul Ball, location: 2F
0-2: Ball
1-2: Fly out, F9 (Line Drive, 89S)
Batting: LHB Stan Lewis 0-0: Ball
1-0: Called Strike
1-1: Foul Ball, location: 2F
1-2: Ground out 6-3 (Groundball, 6)
Batting: RHB Chang-bum Pak 0-0: Ball
1-0: Foul Ball, location: 2F
1-1: Ball
2-1: Fly out, F8 (Flyball, 8LM)
Bottom of the 1st over - 0 run(s), 0 hit(s), 0 error(s), 0 left on base; Panama City 0 - Capital District 0
TOP OF THE 2ND
Panama City Piranhas batting - Pitching for Capital District Red Knights : RHP Francisco García
Batting: SHB Marc Talamante Reached via error on a dropped throw, E3
Batting: RHB Jeff Bass 0-0: Called Strike
0-1: Grounds into double play, 6-4-3 (Groundball, 6)
Batting: LHB Arturo Guzmán 0-0: Ball
1-0: Ground out 4-3 (Groundball, 34)
Top of the 2nd over - 0 run(s), 0 hit(s), 1 error(s), 0 left on base; Panama City 0 - Capital District 0
BOTTOM OF THE 2ND
Capital District Red Knights batting - Pitching for Panama City Piranhas : RHP Dave Tomlinson
Batting: RHB David Edwards 0-0: Ball
1-0: Called Strike
1-1: Called Strike
1-2: Strikes out swinging
Batting: RHB Louis Henderson 0-0: Ball
1-0: Ball
2-0: Ground out 5-3 (Groundball, 15S)
Batting: RHB Zach King 0-0: Ball
1-0: Called Strike
1-1: Fly out, F7 (Flyball, 78S)
Bottom of the 2nd over - 0 run(s), 0 hit(s), 0 error(s), 0 left on base; Panama City 0 - Capital District 0
TOP OF THE 3RD
Panama City Piranhas batting - Pitching for Capital District Red Knights : RHP Francisco García
Batting: RHB Félix Rodríguez 0-0: Called Strike
0-1: Foul Ball, location: 2F
0-2: Strikes out swinging
Batting: RHB Kyle Myers 0-0: Ball
1-0: Ball
2-0: Called Strike
2-1: Foul Ball, location: 2F
2-2: Ball
3-2: Ground out 2-3 (Groundball, 2R)
Batting: LHB Dave Tomlinson 0-0: SINGLE (Line Drive, 78S)
Batting: RHB Cliff Dixon 0-0: Called Strike
0-1: Ball
1-1: Ball
2-1: 2-RUN HOME RUN (Flyball, 7LD), Distance : 342 ft
Batting: LHB Francisco Sánchez 0-0: Ball
1-0: Ball
2-0: Fly out, F8 (Flyball, 8RD)
Top of the 3rd over - 2 run(s), 2 hit(s), 0 error(s), 0 left on base; Panama City 2 - Capital District 0
BOTTOM OF THE 3RD
Capital District Red Knights batting - Pitching for Panama City Piranhas : RHP Dave Tomlinson
Batting: RHB Guillermo Montoya 0-0: Swinging Strike
0-1: Called Strike
0-2: Foul Ball, location: 2F
0-2: Ball
1-2: Ball
2-2: Foul Ball, location: 2F
2-2: Fly out, F3 (Line Drive, 34)
Batting: RHB Martin Young 0-0: Ball
1-0: Ball
2-0: Ball
3-0: Called Strike
3-1: Base on Balls
Batting: LHB Francisco García 0-0: Called Strike
0-1: Bunt missed!
0-2: Ball
1-2: Sac Bunt - play at first, batter OUT! 1-4
Martin Young to second
Batting: LHB Arturo Hernández 0-0: Ground out 4-3 (Groundball, 4M)
Bottom of the 3rd over - 0 run(s), 0 hit(s), 0 error(s), 1 left on base; Panama City 2 - Capital District 0
TOP OF THE 4TH
Panama City Piranhas batting - Pitching for Capital District Red Knights : RHP Francisco García
Batting: LHB Melvin Castro 0-0: Ball
1-0: SOLO HOME RUN (Line Drive, 9LD), Distance : 328 ft
Batting: SHB Marc Talamante 0-0: Ball
1-0: Called Strike
1-1: Ground out 4-3 (Groundball, 34)
Batting: RHB Jeff Bass 0-0: Ball
1-0: Called Strike
1-1: Called Strike
1-2: Ball
2-2: Strikes out swinging
Batting: LHB Arturo Guzmán 0-0: Swinging Strike
0-1: Swinging Strike
0-2: Strikes out swinging
Top of the 4th over - 1 run(s), 1 hit(s), 0 error(s), 0 left on base; Panama City 3 - Capital District 0
BOTTOM OF THE 4TH
Capital District Red Knights batting - Pitching for Panama City Piranhas : RHP Dave Tomlinson
Batting: LHB Stan Lewis 0-0: Ball
1-0: Fly out, F7 (Flyball, 7M)
Batting: RHB Chang-bum Pak 0-0: Swinging Strike
0-1: Ball
1-1: Foul Ball, location: 2F
1-2: Ball
2-2: Foul Ball, location: 2F
2-2: SINGLE (Line Drive, 6M)
Batting: RHB David Edwards 0-0: Ball
1-0: Fly out, F6 (Line Drive, 6)
Batting: RHB Louis Henderson 0-0: Foul Ball, location: 2F
0-1: Foul Ball, location: 2F
0-2: Strikes out swinging
Bottom of the 4th over - 0 run(s), 1 hit(s), 0 error(s), 1 left on base; Panama City 3 - Capital District 0
TOP OF THE 5TH
Panama City Piranhas batting - Pitching for Capital District Red Knights : RHP Francisco García
Batting: RHB Félix Rodríguez 0-0: Ball
1-0: Called Strike
1-1: Ball
2-1: Fly out, F8 (Flyball, 8LM)
Batting: RHB Kyle Myers 0-0: Ball
1-0: Ball
2-0: Foul Ball, location: 2F
2-1: Swinging Strike
2-2: Ground out 6-3 (Groundball, 6)
Batting: LHB Dave Tomlinson 0-0: Called Strike
0-1: Swinging Strike
0-2: Strikes out swinging
Top of the 5th over - 0 run(s), 0 hit(s), 0 error(s), 0 left on base; Panama City 3 - Capital District 0
BOTTOM OF THE 5TH
Capital District Red Knights batting - Pitching for Panama City Piranhas : RHP Dave Tomlinson
Batting: RHB Zach King 0-0: Called Strike
0-1: Ball
1-1: Fly out, F8 (Flyball, 8LM)
Batting: RHB Guillermo Montoya 0-0: Ball
1-0: Called Strike
1-1: Called Strike
1-2: Foul Ball, location: 2F
1-2: Foul Ball, location: 2F
1-2: Ball
2-2: DOUBLE (Line Drive, 89M)
Batting: RHB Martin Young 0-0: Ground out 3-1 (Groundball, 34)
Guillermo Montoya to third
Batting: LHB Francisco García 0-0: Foul Ball, location: 2F
0-1: Foul Ball, location: 2F
0-2: Ball
1-2: SINGLE (Line Drive, 9LS)
Guillermo Montoya scores
Batting: LHB Arturo Hernández 0-0: Called Strike
0-1: Foul Ball, location: 2F
0-2: Strikes out swinging
Bottom of the 5th over - 1 run(s), 2 hit(s), 0 error(s), 1 left on base; Panama City 3 - Capital District 1
TOP OF THE 6TH
Panama City Piranhas batting - Pitching for Capital District Red Knights : RHP Francisco García
Batting: RHB Cliff Dixon 0-0: Foul Ball, location: 2F
0-1: Swinging Strike
0-2: Ball
1-2: Fly out, F7 (Flyball, 78M)
Batting: LHB Francisco Sánchez 0-0: Called Strike
0-1: Called Strike
0-2: Foul Ball, location: 2F
0-2: Foul Ball, location: 2F
0-2: Fly out, F7 (Flyball, 78M)
Batting: LHB Melvin Castro 0-0: Ball
1-0: Ball
2-0: Called Strike
2-1: Swinging Strike
2-2: Strikes out swinging
Top of the 6th over - 0 run(s), 0 hit(s), 0 error(s), 0 left on base; Panama City 3 - Capital District 1
BOTTOM OF THE 6TH
Capital District Red Knights batting - Pitching for Panama City Piranhas : RHP Dave Tomlinson
Batting: LHB Stan Lewis 0-0: Called Strike
0-1: Called Strike
0-2: Strikes out looking
Batting: RHB Chang-bum Pak 0-0: Called Strike
0-1: SINGLE (Groundball, 56D)
Batting: RHB David Edwards 0-0: Ball
1-0: Called Strike
1-1: Called Strike
1-2: Strikes out swinging
Batting: RHB Louis Henderson 0-0: Ball
1-0: Called Strike
1-1: Ball
2-1: Ball
3-1: Ground out 6-3 (Groundball, 6)
Bottom of the 6th over - 0 run(s), 1 hit(s), 0 error(s), 1 left on base; Panama City 3 - Capital District 1
TOP OF THE 7TH
Panama City Piranhas batting - Pitching for Capital District Red Knights : RHP Francisco García
Batting: SHB Marc Talamante 0-0: Ball
1-0: Called Strike
1-1: SINGLE (Groundball, 56D)
Batting: RHB Jeff Bass 0-0: Called Strike
0-1: Ball
1-1: Foul Ball, location: 2F
1-2: Ball
2-2: Foul Ball, location: 2F
2-2: Ball
3-2: SINGLE (Groundball, 56D)
Marc Talamante to second
Marc Talamante to third
Batting: LHB Arturo Guzmán 0-0: Ball
1-0: Ball
2-0: SINGLE (Groundball, 34D)
Marc Talamante scores
Jeff Bass to second
Runner from 2nd tries for 3rd, SAFE, throw made to third
Batting: RHB Félix Rodríguez 0-0: Ball
1-0: Swinging Strike
1-1: Called Strike
1-2: Foul Ball, location: 2F
Balk!
Jeff Bass scores
Arturo Guzmán to second
1-2: Strikes out looking
Pitching: RHP Lou Lowry
Batting: RHB Kyle Myers 0-0: Ground out 1-3 (Groundball, 23)
Arturo Guzmán to third
Batting: LHB Dave Tomlinson 0-0: Swinging Strike
0-1: Ball
1-1: Foul Ball, location: 2F
1-2: Foul Ball, location: 2F
1-2: Ball
2-2: Foul Ball, location: 2F
2-2: Strikes out swinging
Top of the 7th over - 2 run(s), 3 hit(s), 0 error(s), 1 left on base; Panama City 5 - Capital District 1
BOTTOM OF THE 7TH
Capital District Red Knights batting - Pitching for Panama City Piranhas : RHP Dave Tomlinson
Batting: RHB Zach King 0-0: Called Strike
0-1: Ground out 6-3 (Groundball, 6)
Batting: RHB Guillermo Montoya 0-0: Ground out 6-3 (Groundball, 6)
Now at SS: Theodore Buck
Batting: RHB Martin Young 0-0: Ball
1-0: Called Strike
1-1: Ball
2-1: Foul Ball, location: 2F
2-2: Ball
3-2: Fly out, F8 (Flyball, 8RD)
Bottom of the 7th over - 0 run(s), 0 hit(s), 0 error(s), 0 left on base; Panama City 5 - Capital District 1
TOP OF THE 8TH
Panama City Piranhas batting - Pitching for Capital District Red Knights : RHP Lou Lowry
Batting: RHB Cliff Dixon 0-0: Foul Ball, location: 2F
0-1: Foul Ball, location: 2F
0-2: Foul Ball, location: 2F
0-2: Strikes out swinging
Batting: LHB Francisco Sánchez 0-0: Foul Ball, location: 2F
0-1: Fly out, F4 (Line Drive, 4)
Batting: LHB Melvin Castro 0-0: Ball
1-0: Ball
2-0: Called Strike
2-1: Ball
3-1: Base on Balls
Batting: SHB Marc Talamante 0-0: Ball
1-0: Ball
2-0: Called Strike
2-1: Foul Ball, location: 2F
2-2: Ball
3-2: Ground out U3 (Groundball, 3S)
Top of the 8th over - 0 run(s), 0 hit(s), 0 error(s), 1 left on base; Panama City 5 - Capital District 1
BOTTOM OF THE 8TH
Capital District Red Knights batting - Pitching for Panama City Piranhas : RHP Dave Tomlinson
Pinch Hitting: LHB Dave Knight 0-0: Called Strike
0-1: Ball
1-1: Ball
2-1: Foul Ball, location: 2F
2-2: Strikes out swinging
Batting: LHB Arturo Hernández 0-0: Ground out 4-3 (Groundball, 4M)
Batting: LHB Stan Lewis 0-0: Foul Ball, location: 2F
0-1: Ground out U3 (Groundball, 3S)
Bottom of the 8th over - 0 run(s), 0 hit(s), 0 error(s), 0 left on base; Panama City 5 - Capital District 1
TOP OF THE 9TH
Panama City Piranhas batting - Pitching for Capital District Red Knights : RHP Lou Lowry
Pitching: RHP Myron Snow
Batting: RHB Jeff Bass 0-0: Called Strike
0-1: Called Strike
0-2: Foul Ball, location: 2F
0-2: Strikes out swinging
Batting: SHB Theodore Buck 0-0: Ball
1-0: Ball
2-0: SINGLE (Groundball, 34D) (infield hit)
Batting: RHB Félix Rodríguez 0-0: Ball
1-0: Ball
2-0: Foul Ball, location: 2F
2-1: Grounds into double play, U4-3 (Groundball, 4M)
Top of the 9th over - 0 run(s), 1 hit(s), 0 error(s), 0 left on base; Panama City 5 - Capital District 1
BOTTOM OF THE 9TH
Capital District Red Knights batting - Pitching for Panama City Piranhas : RHP Dave Tomlinson
Batting: RHB Chang-bum Pak 0-0: Fly out, F6 (Popup, 6D)
Batting: RHB David Edwards 0-0: Ball
1-0: Called Strike
1-1: Swinging Strike
1-2: Foul Ball, location: 2F
1-2: Foul Ball, location: 2F
1-2: Ball
2-2: Ground out 5-3 (Groundball, 5L)
Batting: RHB Louis Henderson 0-0: Ball
1-0: Called Strike
1-1: Ball
2-1: Swinging Strike
2-2: Strikes out looking
Bottom of the 9th over - 0 run(s), 0 hit(s), 0 error(s), 0 left on base; Panama City 5 - Capital District 1
This league is powered by Out of the Park Baseball, the baseball management simulation game for PC, Mac and Linux
Friday, October 23rd, 2015 - OOTP Baseball 16.9 Build 39